 Dungeon Sprint DCSS version 0.21.1-1-g345015fe64 (webtiles) character file.

437 Denreik the Blocker (level 7, -10/68 HPs)
             Began as a Formicid Fighter on May 19, 2018.
             Was a Follower of Okawaru.
             Mangled by a deep troll (12 damage)
             ... in the Dungeon (Sprint I: "Red Sonja").
             The game lasted 00:02:18 (459 turns).

Denreik the Blocker (Formicid Fighter)               Turns: 459, Time: 00:02:19

Health: -10/68     AC:  8    Str: 35    XL:     7   Next: 21%
Magic:  5/7        EV: 12    Int:  7    God:    Okawaru [*.....]
Gold:   176        SH: 16    Dex: 10    Spells: 6/6 levels left

rFire    . . .     SeeInvis +   a - +0 quarterstaff
rCold    . . .     Gourm    .   c - +0 shield
rNeg     . . .     Faith    .   m - +0 scale mail "Akkuul" {Str+7} (curse)
rPois    .         Spirit   .   (helmet unavailable)
rElec    .         Reflect  .   (no cloak)
rCorr    .         Harm     .   (no gloves)
MR       .....                  (no boots)
Stlth    +.........             (no amulet)
HPRegen  0.21/turn              (no ring)
MPRegen  0.10/turn              (no ring)

@: mighty, heroism
A: permanent stasis, dig shafts and tunnels, four strong arms, antennae 3
a: Dig, Heroism, Renounce Religion


You were in the Dungeon.
You worshipped Okawaru.
Okawaru was aware of your devotion.
You were not hungry.

You visited 1 branch You collected 176 gold pieces.

Inventory:

Hand Weapons
 a - a +0 quarterstaff (weapon)
Missiles
 n - 2 curare-tipped needles
 o - 25 bolts
Armour
 b - a +0 scale mail
 c - a +0 shield (worn)
 m - the cursed +0 scale mail "Akkuul" (worn) {Str+7}
   (You found it in the Dungeon)

   It affects your strength (+7).
   It has a curse placed upon it.
Scrolls
 k - a scroll of blinking
 p - a scroll of identify {unknown}
Potions
 e - a potion of curing
 h - a potion of haste
 i - 2 potions of magic
 j - a potion of berserk rage
Comestibles
 f - 2 rations


   Skills:
 - Level 11.2(16.2) Fighting
 - Level 2.0(7.0) Staves
 - Level 3.2(8.2) Armour
 * Level 12.6(17.6) Shields


You had 6 spell levels left.
You didn't know any spells.

Dungeon Overview and Level Annotations

Branches:
Dungeon (1/1)

Altars:
Cheibriados
Dithmenos
Elyvilon
Fedhas
Gozag
Hepliaklqana
Kikubaaqudgha
Nemelex Xobeh
Okawaru
Qazlal
Ru
Sif Muna
Trog
Uskayaw
Vehumet
Wu Jian
Yredelemnul
Zin
The Shining One

Shops:
D :[


Innate Abilities, Weirdness & Mutations

You cannot be hasted, slowed, berserked, paralysed or teleported.
You can dig through walls and to a lower floor.
Your four strong arms can wield two-handed weapons with a shield.
You have a pair of large antennae on your head. (SInv)


Message History

You hit the deep troll.
The deep troll is lightly wounded.
You block the deep troll's attack.
The deep troll claws you but does no damage. x2
You feel much better. The deep troll misses you.
You block the deep troll's attack. x2
You feel very mighty all of a sudden. You block the deep troll's attack.
The deep troll claws you but does no damage.
The deep troll claws you!
You flatten the deep troll like a pancake!!!
The deep troll is severely wounded.
You block the deep troll's attack. The deep troll claws you!
* * * LOW HITPOINT WARNING * * *
The deep troll claws you!
* * * LOW HITPOINT WARNING * * *
You sock the deep troll!
The deep troll is almost dead.
You block the deep troll's attack. The deep troll claws you!
You die...

###+#####'# { ##
#.# { _#### ##.# {
____##+#_.+ {
.∩...+..._# {
..__##_.#'##+###
____###+#(...[.###{
##### ####+##T?##
+$$.T$+@∩# {
########## { { {{ {
{ { {


{{{{ { {{{ You could see a deep troll.

Vanquished Creatures
  Sigmund (D)
  A yak (D)
  An ogre (D)
  A jelly (D)
  Ijyb (D)
5 creatures vanquished.

Vanquished Creatures (others)
  A gargoyle (D)
1 creature vanquished.

Grand Total: 6 creatures vanquished

Notes
Turn   | Place    | Note
-------+----------+-------------------------------------------
     0 | D        | Denreik the Formicid Fighter began the quest for the Orb.
     0 | D        | Reached XP level 1. HP: 18/18 MP: 1/1
     3 | D        | Found a white marble altar of Elyvilon.
     3 | D        | Found a glowing silver altar of Zin.
     3 | D        | Found a glowing golden altar of the Shining One.
     3 | D        | Found an iron altar of Okawaru.
     3 | D        | Found a bloodstained altar of Trog.
     3 | D        | Found a blossoming altar of Fedhas.
     3 | D        | Found a stormy altar of Qazlal.
     3 | D        | Found an ancient bone altar of Kikubaaqudgha.
     3 | D        | Found Ecwis's Book Emporium.
     3 | D        | Found a basalt altar of Yredelemnul.
     3 | D        | Found a hide-covered altar of Uskayaw.
     3 | D        | Found a hazy altar of Hepliaklqana.
     3 | D        | Found a shadowy altar of Dithmenos.
     3 | D        | Found a sacrificial altar of Ru.
     3 | D        | Found a snail-covered altar of Cheibriados.
     3 | D        | Found an opulent altar of Gozag.
     3 | D        | Found a sparkling altar of Nemelex Xobeh.
     3 | D        | Noticed a yak
    10 | D        | Killed a yak
    10 | D        | Reached XP level 2. HP: 13/37 MP: 2/2
    10 | D        | Reached XP level 3. HP: 15/43 MP: 3/3
    10 | D        | Reached XP level 4. HP: 18/50 MP: 4/4
    10 | D        | Reached XP level 5. HP: 20/56 MP: 5/5
    89 | D        | Killed a gargoyle
   214 | D        | Noticed Ijyb
   222 | D        | Became a worshipper of Warmaster Okawaru
   226 | D        | Killed Ijyb
   226 | D        | Reached skill level 5 in Shields
   238 | D        | Noticed an ogre
   246 | D        | Killed an ogre
   246 | D        | Reached skill level 9 in Shields
   246 | D        | Reached XP level 6. HP: 38/62 MP: 6/6
   250 | D        | Noticed Sigmund
   255 | D        | Killed Sigmund
   255 | D        | Reached * piety under Okawaru
   255 | D        | Reached skill level 12 in Shields
   255 | D        | Reached XP level 7. HP: 37/68 MP: 7/7
   409 | D        | Found a deep blue altar of Sif Muna.
   410 | D        | Found an ornate altar of the Wu Jian Council.
   411 | D        | Found a radiant altar of Vehumet.
   412 | D        | Got a transparent scale mail
   428 | D        | Identified the cursed +0 scale mail "Akkuul" {Str+7} (You found it in the Dungeon)
   448 | D        | Found Teunne's Armour Emporium.
   448 | D        | Noticed a deep troll
   458 | D        | HP: 2/68 [deep troll (7)]
   459 | D        | Mangled by a deep troll

Skill      XL: |  1  2  3  4  5  6 |
---------------+-------------------+-----
Fighting       | 11 | 11.2
Shields        | 9 12 | 12.6
Staves         | |  2.0
Armour         | |  3.2

Action                   |  1- 3 |  4- 6 |  7- 9 || total
-------------------------+-------+-------+-------++-------
Melee: Quarterstaff      |     5 |    16 |    10 ||    31
Invok: Heroism           |       |       |     1 ||     1
 Abil: Dig               |     1 |     1 |     2 ||     4
  Use: Potion            |       |       |     2 ||     2
Armor: Scale mail        |     1 |     2 |     4 ||     7
Dodge: Dodged            |     1 |     8 |     3 ||    12
Block: Shield            |     1 |     4 |    14 ||    19
